 Dungeon Crawl Stone Soup version 0.32-a0-909-gc671339a80 (webtiles) character file.

Game seed: 14203736372271131975

770 MoonlitKnight the Skirmisher (level 7, -3/50 HPs)
             Began as a Coglin Hunter on Apr 6, 2024.
             Was an Initiate of Gozag.
             Smitten by Beogh (29 damage)
             ... on level 4 of the Dungeon.
             The game lasted 00:05:46 (3544 turns).

MoonlitKnight the Skirmisher (Coglin Hunter)        Turns: 3544, Time: 00:05:46

Health: -3/50      AC:  4    Str: 11    XL:     7   Next: 82%
Magic:  7/7        EV: 11    Int:  8    God:    Gozag
Gold:   23         SH:  0    Dex: 20    Spells: 6/6 levels left

rFire   . . .        a - +2 sling {Haeun}
rCold   . . .        d - +0 sling {Gilbert}
rNeg    . . .        c - +0 leather armour
rPois   .            q - +0 helmet
rElec   .            (no cloak)
rCorr   .            (no gloves)
SInv    .            (no boots)
Will    .....        (amulet unavailable)
Stlth   ++           (ring unavailable)
HPRegen 0.28/turn    (ring unavailable)
MPRegen 0.10/turn    (no gizmo)

%: no passive effects
@: no status effects
A: off-hand wielding, slow wielding, warmup strikes, no jewellery
a: Invent Gizmo, Renounce Religion, Potion Petition, Call Merchant, Bribe Branch


You were on level 4 of the Dungeon.
You worshipped Gozag.
Gozag was noncommittal.
You visited 1 branch of the dungeon, and saw 5 of its levels.

You collected 275 gold pieces.
You spent 169 gold pieces at shops.
You paid 83 gold pieces to Gozag.

Inventory:

Hand Weapons
 a - a +2 sling (weapon) {Haeun}
 d - a +0 sling (offhand) {Gilbert}
Missiles
 p - 2 poisoned darts
Armour
 c - a +0 leather armour (worn)
 q - a +0 helmet (worn)
Scrolls
 b - a scroll of butterflies
 g - 2 scrolls of enchant armour {unknown}
 k - 2 scrolls of immolation {unknown}
 l - 5 scrolls of identify {unknown}
 o - a scroll of torment {unknown}
 r - a scroll of noise {unknown}
 s - a scroll of fog {unknown}
 t - a scroll of amnesia {unknown}
 u - a scroll of vulnerability {unknown}
 w - 2 scrolls of teleportation {unknown}
 x - a scroll of blinking {unknown}
Potions
 e - 2 potions of attraction {unknown}
 f - a potion of lignification {unknown}
 h - a potion of degeneration {unknown}
 i - a potion of invisibility {unknown}
 j - a potion of resistance {unknown}
 m - 2 potions of heal wounds
 n - 2 potions of curing
 v - 2 potions of mutation {unknown}


   Skills:
 - Level 2.0 Fighting
 + Level 8.6 Ranged Weapons
 - Level 1.7 Dodging
 - Level 0.7 Stealth


You had 6 spell levels left.
You didn't know any spells.
Your spell library contained the following spells:

 Spells                   Type           Power      Damage    Failure   Level
 Sting                    Conj/Alch      0%         1d3       50%         1
 Lesser Beckoning         Tloc           0%         N/A       65%         2
 Mercury Vapours          Alch/Air       0%         N/A       65%         2
 Frozen Ramparts          Ice            0%         1d1       86%         3
 Maxwell's Portable Pile  Tloc           0%         2d(5-13)  86%         3
 Ozocubu's Armour         Ice            0%         N/A       86%         3
 Teleport Other           Tloc           0%         N/A       86%         3
 Anguish                  Hex/Necr       0%         N/A       99%         4
 Cause Fear               Hex            0%         N/A       99%         4
 Olgreb's Toxic Radiance  Alch           0%         N/A       99%         4
 Metabolic Englaciation   Hex/Ice        0%         N/A       100%        5
 Enfeeble                 Hex            0%         N/A       100%        7


Dungeon Overview and Level Annotations

Branches:
Dungeon (5/15)
 Temple: D:4-7

Altars:
Gozag
Ru
Sif Muna
Beogh

Shops:
D:2 *![([

Annotations:
D:3 1 runed translucent door, epen's ghost, weakling NaSh


Innate Abilities, Weirdness & Mutations

You can wield a second weapon in your off-hand.
It takes a long time for you to wield or remove held weapons.
Your first few attacks do less damage.
You cannot equip rings or amulets.


Message History

The ogre shouts!
The sling bullet hits the ogre.
The ogre is no longer distracted by gold.
The ogre is lightly wounded.
You hear an angry growl.
You hear a shout!
You shoot a sling bullet. The sling bullet hits the ogre.
The ogre is moderately wounded.
You shoot a sling bullet. The sling bullet hits the ogre!
The ogre is severely wounded.
You shoot a sling bullet. The sling bullet hits the ogre.
The ogre is severely wounded.
You shoot a sling bullet. The sling bullet hits the ogre.
The ogre is almost dead.
Something unseen opens the door.
You shoot a sling bullet. The sling bullet hits the ogre!
You kill the ogre!
You shoot a sling bullet. The sling bullet hits the black bear!
The black bear is moderately wounded.
An orc comes into view. It is wielding a +0 hand axe.
You shoot a sling bullet.
The sling bullet closely misses the orc.
You shoot a sling bullet. The sling bullet hits the orc.
The orc is severely wounded.
You shoot a sling bullet. The sling bullet hits the orc!
You kill the orc!
You shoot a sling bullet.
An orc wizard comes into view. It is wielding a +0 dagger.
Items here: $ )))) [[.
There is a stone staircase leading up here.
The orc wizard shouts!
You climb upwards.
There is a stone staircase leading down here.
You start waiting.
Beogh smites you!
Ouch! That really hurt!
You start resting.
Beogh smites you!
Ouch! That really hurt!
You die...
Your body crumbles into a pile of gold.

................#.......##.......
.....≈..≈.......#.#.#...##.......
......≈≈........#.....<..........
......≈≈........#.......##.####..
.....≈..≈.......#............#>..
................#.#....#.#.###...
................#.#..#.#.#.......
...............##.#....#.........
..†...........##@......+.........
#............###.#.....#......#..
##..........## #.#............#..
##........## #.#.........##.#..
####''########.#.........##.#..
#.........##............##.#..
#.........##......##....##.#..
#.........##......##....##....
#.........##......##....##.#..


There were no monsters in sight!

Vanquished Creatures
  Sigmund (D:4)
  2 ogres
  A phantom (D:5)
  A bombardier beetle (D:4)
  A hound (D:4)
  An iguana (D:4)
  4 gnolls
  10 adders
  12 dart slugs
  2 ribbon worms (D:3)
  9 orcs
  8 endoplasms
  5 giant cockroaches
  6 hobgoblins
  4 jackals (D:3)
  7 quokkas
  6 ball pythons
  9 bats
  4 frilled lizards
  11 goblins
  9 kobolds
  12 rats
125 creatures vanquished.

Notes
Turn   | Place    | Note
-------+----------+-------------------------------------------
     0 | D:1      | MoonlitKnight the Coglin Hunter began the quest for the
                  | Orb.
     0 | D:1      | Reached XP level 1. HP: 16/16 MP: 1/1
   117 | D:1      | Reached skill level 4 in Ranged Weapons
   117 | D:1      | Reached XP level 2. HP: 22/22 MP: 2/2
   241 | D:1      | Reached XP level 3. HP: 27/27 MP: 3/3
   794 | D:2      | Reached skill level 5 in Ranged Weapons
   794 | D:2      | Reached XP level 4. HP: 33/33 MP: 4/4
   878 | D:2      | Found a sacrificial altar of Ru.
   916 | D:2      | Found Siryu's Antique Weapon Shoppe.
   987 | D:2      | Found Esasmuw's Antique Armour Boutique.
  1140 | D:2      | Found Nynwiyli's Antique Armour Shoppe.
  1147 | D:2      | Found Ajoff's Distillery.
  1162 | D:2      | Bought a potion of heal wounds for 50 gold pieces
  1162 | D:2      | Bought a potion of curing for 30 gold pieces
  1322 | D:2      | Found Ceinor's Assorted Antiques.
  1327 | D:2      | Bought a scroll labelled DOKKUQ MEIDYBB for 31 gold pieces
  1553 | D:3      | Reached XP level 5. HP: 26/38 MP: 5/5
  1804 | D:3      | Noticed an ogre
  1814 | D:3      | Killed an ogre
  1815 | D:3      | Reached skill level 6 in Ranged Weapons
  1815 | D:3      | Reached XP level 6. HP: 44/44 MP: 6/6
  2043 | D:3      | Found a faded altar of an unknown god.
  2051 | D:3      | Prayed at the altar of an unknown god.
  2051 | D:3      | Became a worshipper of Beogh the Shepherd
  2051 | D:3      | Reached * piety under Beogh
  2079 | D:3      | Fell from the grace of Beogh
  2249 | D:3      | Found a runed translucent door.
  2255 | D:3      | Noticed epen's ghost (weakling NaSh)
  2656 | D:2      | Bought an emerald potion for 27 gold pieces
  2656 | D:2      | Bought a scroll labelled YMNIQO VOPOA for 31 gold pieces
  2812 | D:4      | Found a shimmering blue altar of Sif Muna.
  2868 | D:4      | Reached skill level 7 in Ranged Weapons
  3191 | D:4      | Noticed Sigmund
  3203 | D:4      | Killed Sigmund
  3204 | D:4      | Reached XP level 7. HP: 47/50 MP: 7/7
  3255 | D:4      | Found an opulent altar of Gozag.
  3303 | D:4      | Became a worshipper of Gozag Ym Sagoz the Greedy
  3357 | D:5      | Entered Level 5 of the Dungeon
  3367 | D:4      | Reached skill level 8 in Ranged Weapons
  3544 | D:4      | Smitten by Beogh

Illustrated notes

Levels and vault maps discovered:
D:1:      dpeg_arrival_signposts, layout_rooms, serial_forest,
          infiniplex_forest_clump_C, infiniplex_forest_diagonal,
          infiniplex_forest_end_2, infiniplex_forest_end_double,
          infiniplex_forest_lined_3_way, infiniplex_forest_side_room,
          infiniplex_forest_lined_room_2, minmay_pentomino_u4
D:2:      layout_basic, basic_altar, serial_shops, nicolae_shop_stone, shop,
          shop, shop, nicolae_shop_tiny_statue_garden, dreamdust_wishing_well
D:3:      kennysheep_slugbush, layout_loops_corners,
          shapermc_ecumenical_altar_mp_ritualfount, ebering_ghost_sewer_d,
          minmay_starry_boxes
D:4:      kennysheep_big_flooded_room, layout_basic,
          mainiacjoe_overflow_small_starburst,
          nicolae_gozag_cash_rules_everything_around_me, uniq_sigmund
D:5:      layout_gridville, mainiacjoe_overflow_alcove_1

Skill      XL: |  1  2  3  4  5  6  7 |
---------------+----------------------+-----
Ranged Weapons | 4 5 6 7 8 |  8.6
Fighting       | |  2.0
Dodging        | |  1.7
Stealth        | |  0.7

Action                     |  1- 3 |  4- 6 |  7- 9 || total
---------------------------+-------+-------+-------++-------
   Fire: Sling             |   166 |   316 |    94 ||   576
  Throw: Dart              |       |     2 |       ||     2
 Invoke: Renounce Religion |       |     1 |       ||     1
 Armour: Leather armour    |     5 |    21 |     8 ||    34
  Dodge: Dodged            |    10 |    20 |     5 ||    35

Table legend: (Time is in decaauts)
 A = Elapsed time spent in this place.
 B = Non-inter-level travel time spent in this place.
 C = Inter-level travel time spent in this place.
 D = Time resting spent in this place.
 E = Time spent auto-exploring this place.
 F = Levels seen in this place.
 G = Mean time per level.
                   A        B        C        D        E       F      G
               +--------+--------+--------+--------+--------+-----+--------+
         Total |   3590 |   3362 |    228 |    236 |   2556 |   5 |  718.0 |
       Dungeon |   3590 |   3362 |    228 |    236 |   2556 |   5 |  718.0 |
               +--------+--------+--------+--------+--------+-----+--------+

Top non-repeatable levels by time:
     D:3: 1179 daAuts
     D:2: 896 daAuts
     D:4: 770 daAuts
     D:1: 699 daAuts
     D:5: 45 daAuts
